 Dungeon Crawl Stone Soup version 0.24.1-4-ge52af88ad5 (webtiles) character file.

Game seed: 7245244546703311614, levelgen mode: deterministic

76 Destapler the Skirmisher (level 4, -5/41 HPs)
             Began as a Minotaur Fighter on Apr 14, 2020.
             Slain by a gnoll
             ... wielding a +0 halberd
              (11 damage)
             ... on level 2 of the Dungeon.
             The game lasted 00:01:16 (944 turns).

Destapler the Skirmisher (Minotaur Fighter)          Turns: 944, Time: 00:01:17

Health: -5/41      AC:  7    Str: 21    XL:     4   Next: 12%
Magic:  3/3        EV:  7    Int:  5    God:
Gold:   67         SH:  9    Dex: 10    Spells: 3/3 levels left

rFire    . . .     SeeInvis .   a - +2 hand axe (flame)
rCold    . . .     Gourm    .   c - +0 shield
rNeg     . . .     Faith    .   b - +0 scale mail
rPois    .         Spirit   .   (helmet restricted)
rElec    .         Reflect  .   (no cloak)
rCorr    .         Harm     .   (no gloves)
MR       .....                  (no boots)
Stlth    ..........             (no amulet)
HPRegen  0.13/turn              (no ring)
MPRegen  0.08/turn              (no ring)

@: no status effects
A: retaliatory headbutt, horns 2
a: no special abilities


You were on level 2 of the Dungeon.
You were not hungry.

You visited 1 branch of the dungeon, and saw 2 of its levels.

You collected 67 gold pieces.

Inventory:

Hand Weapons
 a - a +2 hand axe of flaming (weapon)
Missiles
 l - 28 poisoned darts (quivered)
 o - a throwing net
 r - 6 curare-tipped darts
Armour
 b - a +0 scale mail (worn)
 c - a +0 shield (worn)
Jewellery
 h - an uncursed ring of protection from magic {unknown}
Scrolls
 e - 2 scrolls of amnesia {unknown}
 i - a scroll of teleportation {unknown}
 k - 2 scrolls of identify {unknown}
 p - a scroll of fog {unknown}
 q - 2 scrolls of remove curse {unknown}
 s - a scroll of enchant weapon {unknown}
Potions
 d - a potion of might
 g - a potion of lignification {unknown}
 j - 3 potions of curing {unknown}
 m - 2 potions of ambrosia {unknown}
Comestibles
 f - 3 rations


   Skills:
 + Level 4.3 Fighting
 + Level 3.4 Axes
 + Level 4.3 Armour
 + Level 4.3 Shields


You had 3 spell levels left.
You didn't know any spells.
Your spell library was empty.

Dungeon Overview and Level Annotations

Branches:
Dungeon (2/15)

Altars:
Fedhas
Yredelemnul


Innate Abilities, Weirdness & Mutations

You reflexively headbutt those who attack you in melee.
You have a pair of horns on your head.


Message History

You hit the gnoll. You burn the gnoll. Your headbutt misses the gnoll.
The gnoll is lightly wounded.
The gnoll hits you with a +0 whip.
* * * LOW HITPOINT WARNING * * *
You block the gnoll's attack. The gnoll closely misses you.
The gnoll barely misses you. You furiously retaliate!
You headbutt the gnoll.
There are monsters nearby!
You hit the gnoll. You burn the gnoll. You headbutt the gnoll.
You kill the gnoll!
You have reached level 4!
You feel stronger. The gnoll barely misses you.
You slash the rat! You burn the rat.
You kill the rat!
The gnoll barely misses you. You block the gnoll's attack.
There are monsters nearby!
The gnoll hits you with a cursed +0 halberd!
* * * LOW HITPOINT WARNING * * *
The gnoll hits you from afar with a +0 halberd!
You die...

#...#######....<.
#.........#......
#.........#.#.##.
###.........#...##.
##.รท.#####..........
#######..###...##..#......
.?......###.....##.#......
.........#.=.....#.#.#####
......#..@gg._...#.#.#####
......#.##g......#.......#
..... #.. #.....##.......#
..... #.. #...##........#
?... #.# ####.......>.#
?... #.# #..........# ..
#..........# #.....>....#
############


You could see 3 gnolls.

Vanquished Creatures
  2 gnolls
  2 adders (D:2)
  2 worms (D:2)
  A dart slug (D:1)
  A leopard gecko (D:1)
  2 giant cockroaches
  3 goblins
  4 hobgoblins
  3 kobolds
  4 bats
  3 frilled lizards
  3 rats
30 creatures vanquished.

Notes
Turn   | Place    | Note
-------+----------+-------------------------------------------
     0 | D:1      | Destapler the Minotaur Fighter began the quest for the Orb.
     0 | D:1      | Reached XP level 1. HP: 19/19 MP: 0/0
   229 | D:1      | Reached XP level 2. HP: 27/27 MP: 1/1
   672 | D:2      | Reached XP level 3. HP: 31/33 MP: 2/2
   834 | D:2      | Found a blossoming altar of Fedhas.
   937 | D:2      | Found a basalt altar of Yredelemnul.
   942 | D:2      | Reached XP level 4. HP: 16/41 MP: 3/3
   944 | D:2      | Slain by a gnoll

Levels and vault maps discovered:
D:1:      shiori_arrival_oz, layout_loops_ring
D:2:      layout_rooms, lemuel_round_altar, fedhas_ov_isle_minmay

Skill      XL: |  1  2 |
---------------+-------+-----
Fighting       | 4 |  4.3
Armour         | 4 |  4.3
Shields        | 4 |  4.3
Axes           | 3 |  3.4

Action                   |  1- 3 |  4- 6 || total
-------------------------+-------+-------++-------
Melee: War axe           |    17 |       ||    17
       Headbutt          |    13 |       ||    13
       Hand axe          |    40 |     1 ||    41
Armor: Scale mail        |    32 |       ||    32
Dodge: Dodged            |    17 |     2 ||    19
Block: Shield            |    25 |     1 ||    26
